[Event "December 12 Early 2023"]
[Site "https://www.chess.com"]
[Date "2023.12.12"]
[Round "8"]
[White "Goldin, Roman"]
[Black "Lund, Gunnar"]
[Result "0-1"]
[Board "74"]
[TimeControl "180+1"]
[WhiteFideId "2803860"]
[BlackFideId "1520814"]
[WhiteElo "2447"]
[BlackElo "2619"]
[WhiteTeam "ISR"]
[BlackTeam "NOR"]
[WhiteClock "0:00:00"]
[BlackClock "0:01:44"]

1. e4 e6 2. d4 d5 3. Nd2 Nf6 4. e5 Nfd7 5. f4 c5 6. c3 Nc6 7. Ndf3 a6 8. Bd3 b5 9. Ne2 b4 10. O-O Qb6 11. Kh1 g6 12. c4 dxc4 13. Bxc4 Na5 14. Bxe6 fxe6 15. d5 Bb7 16. dxe6 Qxe6 17. Ng3 O-O-O 18. Ng5 Qd5 19. Qe2 h6 20. N5e4 Be7 21. Be3 Kb8 22. Rfd1 Qc4 23. Qf2 Bxe4 24. b3 Bxg2+ 25. Qxg2 Qb5 26. Ne4 Qb7 27. Qxg6 Rhg8 28. Qh7 Nb6 29. Re1 Nd5 30. Bd2 Bh4 31. Re2 Qxh7 0-1

[Event "December 12 Early 2023"]
[Site "https://www.chess.com"]
[Date "2023.12.12"]
[Round "8"]
[White "yaguigor"]
[Black "Principe, Gerson"]
[Result "0-1"]
[Board "75"]
[TimeControl "180+1"]
[BlackFideId "3804550"]
[WhiteElo "2441"]
[BlackElo "2618"]
[BlackTeam "PER"]
[WhiteClock "0:00:08"]
[BlackClock "0:00:11"]

1. e4 c6 2. d4 d5 3. e5 Bf5 4. Nf3 e6 5. Be2 Nd7 6. O-O Bg6 7. Nbd2 Ne7 8. Nb3 Nf5 9. Bd2 Be7 10. g4 Nh4 11. Nxh4 Bxh4 12. f4 f6 13. f5 Bf7 14. Bf4 O-O 15. c3 Qe7 16. exf6 Bxf6 17. fxe6 Bxe6 18. Qd2 h6 19. Rae1 Rae8 20. Bd3 Qd8 21. Bd6 Bxg4 22. Bxf8 Rxf8 23. Qg2 Bh5 24. Bg6 Bxg6 25. Qxg6 Rf7 26. Nc5 Nf8 27. Ne6 Nxg6 28. Nxd8 Rd7 29. Re8+ Kh7 30. Ne6 b6 31. Kg2 Rb7 32. Re1 c5 33. Kf3 cxd4 34. cxd4 Ne7 35. Rc1 Nf5 36. Rd1 Nd6 37. Rf8 Ne4 38. Rc1 Re7 39. Nf4 Nd2+ 40. Kg4 h5+ 41. Nxh5 Bxd4 42. Rcc8 Be3 43. Rh8+ Kg6 44. Rc6+ Kf7 45. Ng3 Bh6 46. Nf5 Re4+ 47. Kg3 Bf4+ 48. Kh3 Be5 49. Rh4 Rxh4+ 50. Kxh4 Bxb2 51. Kg5 Ne4+ 52. Kf4 Bf6 53. Rc7+ Kg6 54. Rxa7 Nc5 55. Ra8 d4 56. Ng3 d3 57. Ke3 Bg5+ 58. Kf3 d2 59. Ke2 Kh6 60. Nf1 Ne4 61. Rh8+ Kg6 62. Nxd2 Nxd2 63. Rb8 Nc4 64. Kd3 Ne5+ 65. Ke4 Nd7 66. Rb7 Nc5+ 67. Kd5 Nxb7 68. Kc6 Nc5 69. Kxb6 Nd3 70. Kb5 Nf2 71. a4 Be3 72. a5 Ng4 73. a6 Nxh2 74. Kc4 Bg1 75. Kd3 Ba7 76. Ke2 Kf5 77. Kd1 Ng4 78. Ke2 Nf6 79. Kf1 Nd7 80. Ke2 Nb8 81. Kf3 Nxa6 0-1

[Event "December 12 Early 2023"]
[Site "https://www.chess.com"]
[Date "2023.12.12"]
[Round "8"]
[White "Melikhov, Evgeny V."]
[Black "Al-Tarboush, Ward"]
[Result "1-0"]
[Board "76"]
[TimeControl "180+1"]
[WhiteFideId "4122046"]
[BlackFideId "7601450"]
[WhiteElo "2405"]
[BlackElo "2609"]
[WhiteTeam "GRE"]
[BlackTeam "NOR"]
[WhiteClock "0:00:24"]
[BlackClock "0:00:00"]

1. d4 Nf6 2. c4 b6 3. Nc3 Bb7 4. d5 e6 5. e4 Bb4 6. Bd3 Bxc3+ 7. bxc3 Qe7 8. Be3 d6 9. Nf3 Nbd7 10. h3 exd5 11. exd5 Nc5 12. Bc2 O-O 13. O-O Ba6 14. Nd4 Bxc4 15. Nf5 Qd7 16. Qd4 Bxf1 17. Bg5 Bd3 18. Bxd3 Ne8 19. Ne7+ Kh8 20. Bxh7 Nf6 21. Bxf6 gxf6 22. Bf5 Qxf5 23. Nxf5 1-0

[Event "December 12 Early 2023"]
[Site "https://www.chess.com"]
[Date "2023.12.12"]
[Round "8"]
[White "Novikov, Evgenij"]
[Black "Ernst, Luca"]
[Result "1-0"]
[Board "77"]
[TimeControl "180+1"]
[WhiteFideId "4125380"]
[BlackFideId "45117055"]
[WhiteElo "2606"]
[BlackElo "2346"]
[WhiteTeam "RUS"]
[BlackTeam "FRA"]
[WhiteClock "0:00:05"]
[BlackClock "0:00:04"]

1. e4 c5 2. Nc3 Nc6 3. Bb5 Nd4 4. Nge2 a6 5. Bd3 g6 6. Nxd4 cxd4 7. Ne2 Bg7 8. O-O e6 9. c3 dxc3 10. dxc3 Ne7 11. Bf4 d5 12. Qc2 O-O 13. Rad1 Qb6 14. Be3 Qa5 15. h3 b5 16. Bc5 Qc7 17. Bxe7 Qxe7 18. exd5 exd5 19. Rfe1 Qg5 20. Qd2 Qxd2 21. Rxd2 Bd7 22. Bc2 Rfe8 23. Kf1 a5 24. Bb3 b4 25. Rxd5 Be6 26. Rd2 Bxb3 27. axb3 bxc3 28. bxc3 a4 29. bxa4 Rxa4 30. Nd4 Rd8 31. Red1 h5 32. g3 Rc4 33. Rd3 Rd7 34. Ne2 Rxd3 35. Rxd3 Kf8 36. Ke1 Ke8 37. Kd2 Ke7 38. Nd4 Ra4 39. Nc2 Ra2 40. f4 h4 41. g4 Bh6 42. Rd4 Ra5 43. Kd3 Ra2 44. Re4+ Kd7 45. Rd4+ Kc7 46. Re4 Bg7 47. f5 Kd6 48. fxg6 fxg6 49. Re2 Ra8 50. Nd4 Rc8 51. Re6+ Kd5 52. Rxg6 Bxd4 53. cxd4 Ra8 54. Rg5+ Kd6 55. Rh5 Ra3+ 56. Ke4 Rxh3 57. Rh6+ Ke7 58. d5 Rh1 59. Rh7+ Kd6 60. Rh6+ Ke7 61. g5 Re1+ 62. Kf5 Rf1+ 63. Kg6 Rf4 64. Kg7 Rg4 65. d6+ Kd7 66. Kf6 Rf4+ 67. Ke5 Rg4 68. Kf5 Rd4 69. g6 Rxd6 70. Rxh4 Rd1 71. Re4 Rg1 72. Kf6 Rf1+ 73. Kg7 Rg1 74. Kf7 Rf1+ 75. Kg8 Rg1 76. g7 Kd8 77. Re5 Rg2 78. Kf7 Rf2+ 79. Kg6 Rg2+ 80. Rg5 Rxg5+ 81. Kxg5 Ke7 82. g8=Q 1-0

[Event "December 12 Early 2023"]
[Site "https://www.chess.com"]
[Date "2023.12.12"]
[Round "8"]
[White "Santos, Rafael Ventura Dos"]
[Black "Kim, Sergey"]
[Result "0-1"]
[Board "78"]
[TimeControl "180+1"]
[WhiteFideId "2122227"]
[BlackFideId "13700570"]
[WhiteElo "2308"]
[BlackElo "2606"]
[WhiteTeam "BRA"]
[BlackTeam "KAZ"]
[WhiteClock "0:00:20"]
[BlackClock "0:01:05"]

1. e4 e5 2. Nf3 Nc6 3. Bc4 Bc5 4. d3 Nf6 5. Nc3 d6 6. Na4 a6 7. Nxc5 dxc5 8. h3 Qd6 9. a4 Be6 10. b3 O-O 11. a5 Bxc4 12. bxc4 Nd4 13. Nxd4 cxd4 14. O-O Nd7 15. f4 exf4 16. Bxf4 Ne5 17. Qh5 f6 18. Rab1 b6 19. axb6 cxb6 20. Bxe5 fxe5 21. Rxf8+ Rxf8 22. Rf1 Rxf1+ 23. Kxf1 g6 24. Qg4 a5 25. Ke2 Kg7 26. Qc8 Qf6 27. Qc7+ Kh6 28. c5 bxc5 29. Qxa5 Qg5 30. Qd2 Qxd2+ 31. Kxd2 Kg5 32. Ke2 Kh4 33. Kf3 h5 34. Kf2 g5 35. Kf3 g4+ 36. hxg4 hxg4+ 37. Kf2 Kg5 38. g3 Kf6 39. Ke2 Ke6 40. Kd2 Kd6 41. Kc1 Kc6 42. Kb2 Kb5 43. Kb3 c4+ 44. dxc4+ Kc5 45. Kb2 Kxc4 46. Kc1 d3 47. cxd3+ Kxd3 48. Kd1 Kxe4 49. Ke2 Kd4 50. Kd2 e4 51. Ke2 e3 52. Ke1 Kd3 53. Kd1 Kd4 54. Ke1 Kd5 55. Kd1 Ke5 56. Ke1 Kd4 57. Kd1 Kd3 58. Ke1 e2 59. Kf2 Kd2 60. Kg2 e1=Q 61. Kh2 Qf2+ 62. Kh1 Qe2 63. Kg1 Ke3 64. Kh1 Kf3 65. Kg1 Qg2# 0-1

[Event "December 12 Early 2023"]
[Site "https://www.chess.com"]
[Date "2023.12.12"]
[Round "8"]
[White "Assylov, Miras"]
[Black "Rodriguez Avila, Alvaro"]
[Result "1-0"]
[Board "79"]
[TimeControl "180+1"]
[WhiteFideId "13728873"]
[BlackFideId "24570249"]
[WhiteElo "2598"]
[BlackElo "2281"]
[WhiteTeam "KAZ"]
[BlackTeam "ESP"]
[WhiteClock "0:01:18"]
[BlackClock "0:00:00"]

1. b3 e5 2. Bb2 Nc6 3. e3 Nge7 4. d4 exd4 5. exd4 d5 6. Nf3 Ng6 7. g3 Bb4+ 8. c3 Qe7+ 9. Qe2 Qxe2+ 10. Bxe2 Bd6 11. Na3 a6 12. Nc2 O-O 13. Ne3 Be6 14. Ng5 Nce7 15. Nxe6 fxe6 16. O-O e5 17. dxe5 Nxe5 18. Rad1 c6 19. c4 Nf3+ 20. Kg2 Ng5 21. cxd5 Bc5 22. dxc6 Nxc6 23. Rd7 Ne7 24. Nd5 Rae8 25. b4 Nxd5 26. Bc4 1-0

[Event "December 12 Early 2023"]
[Site "https://www.chess.com"]
[Date "2023.12.12"]
[Round "8"]
[White "Manukian, Artak"]
[Black "Osmonbekov, Talaibek"]
[Result "1-0"]
[Board "80"]
[TimeControl "180+1"]
[WhiteFideId "13301373"]
[BlackFideId "2017253"]
[WhiteElo "2595"]
[BlackElo "2249"]
[WhiteTeam "ARM"]
[BlackTeam "USA"]
[WhiteClock "0:00:49"]
[BlackClock "0:00:00"]

1. e4 c5 2. Nf3 d6 3. Bb5+ Bd7 4. Bxd7+ Qxd7 5. c4 Nc6 6. Nc3 Rc8 7. O-O g6 8. d3 Bg7 9. Bg5 h6 10. Bf4 Nf6 11. Qd2 g5 12. Be3 Ng4 13. Kh1 O-O 14. Ng1 f5 15. exf5 Qxf5 16. f3 Nxe3 17. Qxe3 Bd4 18. Qe2 a6 19. Nd5 e6 20. Ne3 Qg6 21. Nc2 Bg7 22. Rae1 Rce8 23. b3 Bc3 24. Rd1 Rf6 25. Qe4 Qg7 26. Ne2 Be5 27. Ng3 Qf7 28. Rfe1 h5 29. Nf1 Rf4 30. Qe2 Rf8 31. Nd2 g4 32. fxg4 Rxg4 33. Ne4 Rh4 34. g3 Rg4 35. Rf1 Qg7 36. Rxf8+ Qxf8 37. Rf1 Qg7 38. Ne3 Nd4 39. Qd1 Rg5 40. Nxg5 Qxg5 41. Ng2 Kg7 42. Nh4 1-0

[Event "December 12 Early 2023"]
[Site "https://www.chess.com"]
[Date "2023.12.12"]
[Round "8"]
[White "Shubenkova, Veronika"]
[Black "Semenova, Alina"]
[Result "1-0"]
[Board "81"]
[TimeControl "180+1"]
[WhiteFideId "44124040"]
[BlackFideId "24113875"]
[WhiteElo "2592"]
[BlackElo "2225"]
[WhiteTeam "RUS"]
[BlackTeam "RUS"]
[WhiteClock "0:01:05"]
[BlackClock "0:00:00"]

1. d4 Nf6 2. e3 e6 3. f4 d5 4. Nf3 c5 5. c3 Nbd7 6. Bd3 Be7 7. Nbd2 O-O 8. Qe2 b6 9. Ne5 Bb7 10. O-O Ne4 11. Nxe4 dxe4 12. Bc2 f5 13. Bb3 Bd5 14. Bd2 Nxe5 15. fxe5 Bxb3 16. axb3 Qd7 17. Ra4 Rfd8 18. Rfa1 cxd4 19. exd4 a5 20. b4 Qc7 21. bxa5 bxa5 22. b4 Rd5 23. Be1 Bd8 24. Qa2 Qf7 25. Qe2 Qg6 26. Rd1 f4 27. c4 Rd7 28. bxa5 Rf7 29. Ra2 f3 30. Qc2 Rf4 31. Bg3 Rg4 32. gxf3 exf3 33. Qxg6 Rxg6 34. Kf2 Rxa5 35. Rxa5 Bxa5 36. Kxf3 Kf7 37. d5 exd5 38. cxd5 Ra6 39. Ra1 Ra7 40. Bf2 Bb6 41. Rxa7+ 1-0

[Event "December 12 Early 2023"]
[Site "https://www.chess.com"]
[Date "2023.12.12"]
[Round "8"]
[White "Play, Gilles"]
[Black "Srihari L R"]
[Result "0-1"]
[Board "82"]
[TimeControl "180+1"]
[WhiteFideId "45130892"]
[BlackFideId "46617116"]
[WhiteElo "2517"]
[BlackElo "2726"]
[WhiteTeam "FRA"]
[BlackTeam "IND"]
[WhiteClock "0:00:09"]
[BlackClock "0:00:08"]

1. e4 c5 2. c3 Nf6 3. e5 Nd5 4. d4 cxd4 5. Nf3 Nc6 6. Bc4 Nb6 7. Bb3 d6 8. exd6 Qxd6 9. O-O Bf5 10. Na3 a6 11. Re1 e6 12. Nxd4 Nxd4 13. cxd4 Be7 14. Qf3 Qd7 15. Bf4 O-O 16. Be5 Bg6 17. Rac1 Rac8 18. Nc2 Nc4 19. Bxc4 Rxc4 20. Ne3 Rcc8 21. d5 Bb4 22. Red1 Rxc1 23. Rxc1 Bd2 24. Rc7 Qb5 25. Nc4 Bg5 26. dxe6 f6 27. Bd6 Re8 28. h4 Bh6 29. h5 Bxh5 30. Qxb7 Qxb7 31. Rxb7 Rxe6 32. Rb8+ Kf7 33. Bc5 Re1+ 34. Kh2 Bf4+ 35. g3 Bxb8 36. Ne3 Bf3 0-1

[Event "December 12 Early 2023"]
[Site "https://www.chess.com"]
[Date "2023.12.12"]
[Round "8"]
[White "Schnaider, Ilan"]
[Black "Erzhanov, Arman"]
[Result "1/2-1/2"]
[Board "83"]
[TimeControl "180+1"]
[WhiteFideId "169013"]
[BlackFideId "4138821"]
[WhiteElo "2657"]
[BlackElo "2516"]
[WhiteTeam "ARG"]
[BlackTeam "KAZ"]
[WhiteClock "0:00:17"]
[BlackClock "0:00:25"]

1. e4 d6 2. d4 Nf6 3. Nc3 c6 4. f4 d5 5. e5 Ng8 6. Be2 g6 7. Be3 h5 8. Qd2 Nh6 9. Nf3 Bf5 10. Nh4 e6 11. Nxf5 Nxf5 12. Bd3 Nd7 13. Bf2 h4 14. h3 Be7 15. Bxf5 gxf5 16. Ne2 Nf8 17. Ng1 Ng6 18. Nf3 Qb6 19. O-O-O O-O-O 20. Be3 Kb8 21. Kb1 Rc8 22. c4 dxc4 23. d5 Bc5 24. Bxc5 Qxc5 25. d6 f6 26. exf6 Rhf8 27. Qc3 Nxf4 28. Ne5 Rcd8 29. Nxc4 Nd5 30. Qb3 Rxf6 31. Rhe1 Rg6 32. d7 Rg3 33. Qa4 Rxd7 34. Rxe6 Nc3+ 35. bxc3 Qb5+ 36. Qxb5 Rxd1+ 37. Kc2 cxb5 38. Kxd1 bxc4 39. Re8+ Kc7 40. Re7+ Kc6 41. Re6+ Kd5 42. Rf6 Ke5 43. Rh6 Rxg2 44. Rxh4 Rxa2 45. Rxc4 f4 46. h4 Kf5 47. h5 f3 48. Ke1 Kg5 49. Rc7 b6 50. Rf7 f2+ 51. Kf1 Kxh5 52. Rxf2 Rxf2+ 53. Kxf2 Kg4 54. Ke3 Kf5 55. Kd4 Ke6 56. Kc4 Kd6 57. Kb5 Kc7 58. Ka6 Kb8 59. c4 Ka8 60. c5 bxc5 61. Kb5 Kb7 62. Kxc5 Ka6 63. Kb4 Kb6 64. Ka3 a5 65. Ka2 Kb5 66. Ka1 Kb4 67. Kb1 a4 68. Ka1 Kb3 69. Kb1 Kc3 70. Ka1 Kc2 71. Ka2 Kc3 72. Ka3 Kc4 73. Kxa4 1/2-1/2

[Event "December 12 Early 2023"]
[Site "https://www.chess.com"]
[Date "2023.12.12"]
[Round "8"]
[White "Kislinsky, Alexey"]
[Black "Dubnevych, Maksym"]
[Result "1-0"]
[Board "84"]
[TimeControl "180+1"]
[WhiteFideId "14108801"]
[BlackFideId "14184001"]
[WhiteElo "2646"]
[BlackElo "2514"]
[WhiteTeam "CZE"]
[BlackTeam "UKR"]
[WhiteClock "0:01:02"]
[BlackClock "0:00:28"]

1. e4 c5 2. c3 Nf6 3. e5 Nd5 4. Bc4 Nb6 5. Bb3 c4 6. Bc2 Nc6 7. Nf3 g5 8. Nxg5 Nxe5 9. O-O d5 10. Re1 Bg7 11. Rxe5 Bxe5 12. Qh5 Rf8 13. Nxh7 Qd6 14. Nxf8 Kxf8 15. d4 cxd3 16. Bxd3 Ke8 17. Nd2 Be6 18. Nf3 Bf6 19. Bg5 Bd7 20. Bxf6 Qxf6 21. Qe5 Qh6 22. Re1 e6 23. Qe3 Qg7 24. Ne5 Ke7 25. Qc5+ Kd8 26. Qd4 Qf8 27. a3 f6 28. Nxd7 Kxd7 29. Bb5+ Ke7 30. c4 Kf7 31. c5 Nc8 32. Bd7 1-0

[Event "December 12 Early 2023"]
[Site "https://www.chess.com"]
[Date "2023.12.12"]
[Round "8"]
[White "Kavyev, Ruslan"]
[Black "Iljin, Timofey"]
[Result "1-0"]
[Board "85"]
[TimeControl "180+1"]
[WhiteFideId "34110981"]
[BlackFideId "14110180"]
[WhiteElo "2595"]
[BlackElo "2503"]
[WhiteTeam "RUS"]
[BlackTeam "UKR"]
[WhiteClock "0:00:32"]
[BlackClock "0:00:01"]

1. e4 e5 2. Nf3 Nc6 3. Bb5 a6 4. Ba4 Nf6 5. O-O b5 6. Bb3 Nxe4 7. d4 d5 8. dxe5 Be6 9. c3 Bc5 10. Nbd2 O-O 11. Qe2 Bf5 12. Nxe4 dxe4 13. Ng5 Nxe5 14. Nxe4 Bg4 15. Qc2 Bb6 16. Bg5 Qd3 17. Rae1 Rfe8 18. h3 Bf5 19. Re2 h6 20. Bc1 Nf3+ 21. gxf3 Qxf3 22. Bd5 Bxh3 23. Nf6+ Qxf6 24. Bxa8 Rxe2 25. Qxe2 Qg6+ 26. Kh2 Bg4 27. Qe8+ Kh7 28. Be4 f5 29. Qxg6+ Kxg6 30. Bg2 c5 31. Rg1 Bc7+ 32. Kh1 Kf7 33. f3 Bh5 34. Rd1 Ke6 35. Be3 c4 36. Kg1 g5 37. Kf2 g4 38. fxg4 fxg4 39. Re1 g3+ 40. Kg1 Kf5 41. Bh3+ Kg6 42. Kg2 Kg7 43. Bd4+ Kf8 44. Be5 Ba5 45. Kxg3 Bg6 46. Rf1+ Ke7 47. Rf6 Bd3 48. Rxa6 b4 49. Rxa5 b3 50. axb3 cxb3 51. Ra7+ Kd8 52. Bd6 Ke8 53. Be6 Be4 54. Rf7 Bg6 55. Rf8# 1-0

[Event "December 12 Early 2023"]
[Site "https://www.chess.com"]
[Date "2023.12.12"]
[Round "8"]
[White "Berezin, Viktor"]
[Black "Banzea, Alexandru-Bogdan"]
[Result "1-0"]
[Board "86"]
[TimeControl "180+1"]
[WhiteFideId "14107872"]
[BlackFideId "1232622"]
[WhiteElo "2497"]
[BlackElo "2594"]
[WhiteTeam "UKR"]
[BlackTeam "ROU"]
[WhiteClock "0:00:30"]
[BlackClock "0:00:00"]

1. d4 Nf6 2. Nf3 g6 3. g3 Bg7 4. Bg2 O-O 5. O-O d6 6. a4 c6 7. a5 Nbd7 8. Nc3 Qc7 9. e4 e5 10. h3 Re8 11. Re1 Rb8 12. Be3 b5 13. axb6 axb6 14. d5 Bb7 15. Nd2 b5 16. dxc6 Bxc6 17. Nb3 Ra8 18. Nd5 Nxd5 19. exd5 Bb7 20. Rxa8 Rxa8 21. c3 Nb6 22. Qe2 Nxd5 23. Qxb5 Bc6 24. Qc4 Nxe3 25. Qxc6 Qxc6 26. Bxc6 Rb8 27. Rxe3 Rxb3 28. Re2 Kf8 29. Rd2 Bh6 30. Rc2 Ke7 31. Bd5 Rb5 32. c4 Rb4 33. Kf1 Bf8 34. Ke2 f5 35. Kd2 Kd8 36. Kc3 Rb8 37. b4 Rc8 38. Ra2 Be7 39. Ra7 Rc7 40. Ra8+ Rc8 41. Ra6 Rc7 42. b5 Rc8 43. Kb4 g5 44. b6 h5 45. Ra7 g4 46. hxg4 hxg4 47. Be6 Rb8 48. Kb5 f4 49. Bxg4 Ke8 50. b7 Bd8 51. Kc6 fxg3 52. fxg3 e4 53. Ra8 1-0

[Event "December 12 Early 2023"]
[Site "https://www.chess.com"]
[Date "2023.12.12"]
[Round "8"]
[White "Lehtosaari, Mauri"]
[Black "Janaszak, Dawid"]
[Result "0-1"]
[Board "87"]
[TimeControl "180+1"]
[WhiteFideId "501999"]
[BlackFideId "1119206"]
[WhiteElo "2484"]
[BlackElo "2594"]
[WhiteTeam "FIN"]
[BlackTeam "POL"]
[WhiteClock "0:00:12"]
[BlackClock "0:01:44"]

1. d4 d5 2. c4 e6 3. Nc3 c5 4. cxd5 cxd4 5. Qa4+ Bd7 6. Qxd4 exd5 7. Qxd5 Nc6 8. a3 Nf6 9. Qd1 Bc5 10. Nf3 Qe7 11. e3 O-O-O 12. Qc2 Kb8 13. Be2 g5 14. Nxg5 Rhg8 15. Nge4 Rxg2 16. Bf3 Rg6 17. Bd2 Ne5 18. Be2 Bf5 19. O-O-O Bxa3 20. Qb3 Nxe4 21. Qxa3 Qxa3 22. bxa3 Nxf2 23. Rhf1 Nxd1 24. Rxf5 Nxc3 25. Bxc3 Rc8 26. Rxe5 Rxc3+ 27. Kb2 Rcc6 28. Bf3 Rce6 29. Rf5 Rgf6 0-1

[Event "December 12 Early 2023"]
[Site "https://www.chess.com"]
[Date "2023.12.12"]
[Round "8"]
[White "Cordoba Roa, Angel Gabriel"]
[Black "Goncalves, Davi Sulzbacher"]
[Result "1-0"]
[Board "88"]
[TimeControl "180+1"]
[WhiteFideId "3957624"]
[BlackFideId "2154510"]
[WhiteElo "2573"]
[BlackElo "2475"]
[WhiteTeam "COL"]
[BlackTeam "BRA"]
[WhiteClock "0:00:57"]
[BlackClock "0:00:03"]

1. e4 c5 2. Nf3 Nc6 3. Bb5 g6 4. O-O Bg7 5. c3 Nf6 6. Re1 O-O 7. d4 cxd4 8. cxd4 d5 9. e5 Ne4 10. Nc3 Nxc3 11. bxc3 Qa5 12. Qb3 a6 13. Bxc6 bxc6 14. Ba3 Bg4 15. Bxe7 Rfb8 16. Bb4 Qd8 17. Qd1 a5 18. Ba3 Rb5 19. h3 Bf5 20. Nd2 Rab8 21. Nb3 Qh4 22. Nc5 Bh6 23. Qf3 Bb1 24. Nd7 R8b7 25. Nf6+ Kh8 26. e6 fxe6 27. Rxe6 Bf4 28. g3 Qxh3 29. Re8+ Kg7 30. Qxf4 Be4 31. Rg8+ Kf7 32. Nxe4+ Ke6 33. Ng5+ Kd7 34. Qf7# 1-0

[Event "December 12 Early 2023"]
[Site "https://www.chess.com"]
[Date "2023.12.12"]
[Round "8"]
[White "Hrebenshchykova, Yelyzaveta"]
[Black "Tasev, Dejan"]
[Result "1-0"]
[Board "89"]
[TimeControl "180+1"]
[WhiteFideId "14159899"]
[BlackFideId "936618"]
[WhiteElo "2470"]
[BlackElo "2571"]
[WhiteTeam "UKR"]
[BlackTeam "SRB"]
[WhiteClock "0:00:12"]
[BlackClock "0:00:15"]

1. e4 e5 2. Nf3 Nc6 3. Bb5 a6 4. Ba4 Nf6 5. O-O b5 6. Bb3 Be7 7. d4 d6 8. c3 O-O 9. h3 exd4 10. cxd4 Na5 11. Bc2 c5 12. e5 dxe5 13. dxe5 Nd5 14. Qe2 Bb7 15. Rd1 g6 16. Bh6 Re8 17. Be4 Qd7 18. Qc2 Qe6 19. a3 Nc4 20. Nc3 Rad8 21. Nxd5 Bxd5 22. Bxd5 Rxd5 23. Re1 Nxe5 24. Ng5 Qd7 25. Re3 Bf6 26. Rae1 Re7 27. Ne4 Bg7 28. Bg5 Re8 29. Nxc5 Qc6 30. b4 f6 31. Bf4 Red8 32. Bxe5 Rxe5 33. Rxe5 fxe5 34. Qb3+ Qd5 35. Rd1 Qxb3 36. Rxd8+ Kf7 37. Nxb3 1-0

[Event "December 12 Early 2023"]
[Site "https://www.chess.com"]
[Date "2023.12.12"]
[Round "8"]
[White "Lopez Idarraga, Daniel Eduardo"]
[Black "Yelisieiev, Yevhenii"]
[Result "1-0"]
[Board "90"]
[TimeControl "180+1"]
[WhiteFideId "4405501"]
[BlackFideId "14139642"]
[WhiteElo "2461"]
[BlackElo "2568"]
[WhiteTeam "COL"]
[BlackTeam "GER"]
[WhiteClock "0:00:57"]
[BlackClock "0:00:03"]

1. e4 d6 2. d4 Nf6 3. Nc3 e5 4. Nf3 Nbd7 5. Be2 c6 6. O-O Be7 7. a4 a5 8. Re1 O-O 9. Bf1 Qb6 10. b3 Re8 11. Ba3 exd4 12. Qxd4 Qxd4 13. Nxd4 Bf8 14. Rad1 Nc5 15. f3 g6 16. Bc4 Na6 17. Nde2 Nb4 18. Rd2 Be6 19. Bxe6 Rxe6 20. Red1 d5 21. Nf4 Ree8 22. exd5 cxd5 23. Ncxd5 Nfxd5 24. Nxd5 Nxd5 25. Bxf8 Ne3 26. Bh6 Nxd1 27. Rxd1 Rad8 28. Rc1 f6 29. h4 Rd5 30. Kf2 g5 31. hxg5 fxg5 32. f4 g4 33. Kg3 Re6 34. Rh1 Rdd6 35. Bg5 h6 36. f5 Re4 37. Bxh6 Rc6 38. Bf4 Rxc2 39. Rd1 Rc3+ 40. Kxg4 Rxb3 41. g3 Rxa4 42. Kg5 Rbb4 43. Kg6 Rxf4 44. Rd8# 1-0

[Event "December 12 Early 2023"]
[Site "https://www.chess.com"]
[Date "2023.12.12"]
[Round "8"]
[White "Hajiyev, Kanan"]
[Black "Dyulgerov, Volen"]
[Result "0-1"]
[Board "91"]
[TimeControl "180+1"]
[WhiteFideId "13404148"]
[BlackFideId "2918978"]
[WhiteElo "2559"]
[BlackElo "2420"]
[WhiteTeam "AZE"]
[BlackTeam "BUL"]
[WhiteClock "0:00:08"]
[BlackClock "0:00:04"]

1. d4 e5 2. dxe5 d6 3. exd6 Bxd6 4. Nf3 Nf6 5. Bg5 Nc6 6. Nc3 Bg4 7. e3 Qd7 8. h3 Be6 9. Bxf6 gxf6 10. Nd4 Be5 11. Bb5 a6 12. Bxc6 bxc6 13. Nxe6 Qxe6 14. O-O Rb8 15. Rb1 Qf5 16. Qf3 Qxc2 17. Qxc6+ Kf8 18. Qxa6 Rg8 19. Rfd1 Bxc3 20. Qc6 Rxb2 21. Rd8+ Kg7 22. Rxg8+ Kxg8 23. Qe8+ Kg7 24. Rxb2 Bxb2 25. a4 Be5 26. f4 Qc1+ 27. Kh2 Bc3 28. Qe4 Qd1 29. Qc4 Ba5 30. Qc6 Qd6 31. Qxd6 cxd6 32. Kg3 f5 33. Kf3 Kf6 34. g4 d5 35. Ke2 Ke6 36. Kd3 Bb6 37. Kd2 f6 38. Kd3 fxg4 39. hxg4 h6 40. Kd2 d4 41. e4 Kd6 42. Kd3 Kc5 43. e5 fxe5 44. Ke4 Kc4 45. f5 d3 46. f6 Bc5 47. f7 d2 48. f8=Q Bxf8 49. Kxe5 d1=Q 50. Kf6 Qxg4 51. a5 Qg5+ 52. Kf7 Qxa5 53. Kg6 Qa7 54. Kh5 Qb7 55. Kh4 Qg7 56. Kh5 Bd6 57. Kh4 Qg3+ 58. Kh5 Qg5# 0-1

[Event "December 12 Early 2023"]
[Site "https://www.chess.com"]
[Date "2023.12.12"]
[Round "8"]
[White "Andreev, Konstantin"]
[Black "Porozhnyak, Maya"]
[Result "1/2-1/2"]
[Board "92"]
[TimeControl "180+1"]
[WhiteFideId "24239305"]
[BlackFideId "34115843"]
[WhiteElo "2553"]
[BlackElo "2432"]
[WhiteTeam "ITA"]
[BlackTeam "RUS"]
[WhiteClock "0:00:31"]
[BlackClock "0:00:02"]

1. e4 c5 2. Nf3 e6 3. d4 cxd4 4. Nxd4 a6 5. Bd3 Ne7 6. O-O Nbc6 7. Nxc6 Nxc6 8. f4 d6 9. Be3 Be7 10. Nc3 b5 11. Qf3 Bb7 12. Ne2 Nb4 13. a3 Nxd3 14. cxd3 O-O 15. Kh1 f5 16. Rae1 Bf6 17. Bd4 e5 18. Bc3 Qb6 19. Qh3 exf4 20. Qxf5 Bxc3 21. Qe6+ Kh8 22. bxc3 Rae8 23. Qg4 d5 24. Nxf4 dxe4 25. dxe4 Qd6 26. e5 Qxa3 27. e6 Qe7 28. Qh5 Kg8 29. h3 Rc8 30. Rd1 Rc5 31. Rd7 Qxd7 32. Qxc5 Qc6 33. Qf2 Rxf4 34. Qe2 Rxf1+ 35. Qxf1 Qe8 36. Qf5 Bc6 37. Qe5 g6 38. Qf6 Bd5 39. e7 Bf7 40. Qd6 a5 41. h4 h5 42. Kh2 Kh7 43. g4 a4 44. gxh5 gxh5 45. Qd3+ Kg7 46. Qd4+ Kg8 47. Qd6 a3 48. Qxa3 Qb8+ 49. Kg2 Qb7+ 50. Kg1 Qb6+ 51. Kf1 Qf6+ 52. Kg1 Qg6+ 53. Kf2 Qf5+ 54. Kg3 Qg4+ 55. Kf2 Qf4+ 56. Ke1 Qe3+ 57. Kd1 Qd3+ 58. Ke1 Kg7 59. Qc5 Qe4+ 60. Kf2 Qf4+ 61. Ke1 Qxh4+ 62. Kd2 Qf4+ 63. Ke1 Qg3+ 64. Kd2 h4 65. Qd4+ Kg8 66. Qd8+ Kg7 67. Qd4+ Kg6 68. Qe4+ Kf6 69. e8=Q Bxe8 70. Qxe8 Qf4+ 71. Kd1 Qf3+ 72. Kd2 Qg2+ 73. Kd1 h3 74. Qf8+ Ke5 75. Qc5+ Kf4 76. Qd6+ Kg4 77. Qe6+ Kf4 78. Qd6+ Ke4 79. Qc6+ Kd3 80. Qxb5+ Kxc3 81. Qc5+ Kd3 82. Qd6+ Ke3 83. Qc5+ Kf4 84. Qd6+ Kf3 85. Qd5+ Kf2 86. Qd4+ Kf1 87. Qd3+ Kg1 88. Qd4+ Qf2 89. Qg7+ Qg2 90. Qd4+ Kh1 91. Qh4 h2 92. Ke1 Qg1+ 93. Ke2 Qg2+ 94. Ke1 Qf3 95. Qg5 Qe4+ 96. Kf1 Qd3+ 97. Ke1 Qe4+ 98. Kf1 Qf3+ 99. Ke1 Qg2 100. Qh4 1/2-1/2

[Event "December 12 Early 2023"]
[Site "https://www.chess.com"]
[Date "2023.12.12"]
[Round "8"]
[White "Asish Panda"]
[Black "Chlpik, Martin"]
[Result "0-1"]
[Board "93"]
[TimeControl "180+1"]
[WhiteFideId "45012458"]
[BlackFideId "14923351"]
[WhiteElo "2544"]
[BlackElo "2360"]
[WhiteTeam "IND"]
[BlackTeam "SVK"]
[WhiteClock "0:00:03"]
[BlackClock "0:00:09"]

1. e4 c5 2. Nf3 d6 3. d4 cxd4 4. Qxd4 Nc6 5. Bb5 Bd7 6. Bxc6 Bxc6 7. c4 Nf6 8. Nc3 e6 9. Bg5 Be7 10. O-O O-O 11. Rfd1 h6 12. Bh4 Nxe4 13. Nxe4 Bxh4 14. Nxd6 Bxf3 15. gxf3 Bf6 16. Qg4 Qb6 17. Ne4 Bxb2 18. c5 Qc7 19. Rab1 f5 20. Qg6 fxe4 21. Rxb2 exf3 22. Qxe6+ Kh8 23. Rbd2 Qf4 24. Rd4 Rad8 25. Qe3 Qg4+ 26. Kf1 Qg2+ 27. Ke1 Rde8 28. Re4 Rxe4 29. Qxe4 Qg1+ 30. Kd2 Rd8+ 31. Ke3 Qxd1 32. Qxb7 Qe2+ 33. Kf4 Rf8+ 34. Kg4 Qe6+ 35. Kg3 Qg6+ 36. Kh3 Qg2+ 37. Kh4 Rf4+ 38. Kh5 Qg5# 0-1